Map: [ESL] Hard Lead

Players

DnS

  • Race: Protoss Protoss
  • Spawn Location: 5:00

Dolan - Winner!

  • Race: Terran Terran
  • League: Master
  • Spawn Location: 11:00

Event: HomeStory Cup XXIV

VOD

Have the link to the VOD?

Description

Time

  • Played on: Dec. 1, 2023, 9:14 a.m.
  • Length: 4:27

All games in this series

Show
View Real Time Build Order
Export as new Build Order

DnS Protoss 

Build Orders: Oracle Opening 

Get SALT Encoding   

  12  0:00  Probe  
  13  0:12  Probe  
  14  0:18  Pylon  
  14  0:25  Probe  
  15  0:37  Probe (Chrono Boost)  
  15  0:42  Gateway  
  16  0:48  Probe (Chrono Boost)  
  17  0:50  Assimilator  
  17  0:53  Probe (Chrono Boost)  
  18  1:06  Probe  
  19  1:18  Probe  
  20  1:30  Cybernetics Core, Probe  
  21  1:34  Zealot  
  21  1:37  Pylon  
  23  1:40  Assimilator  
  23  1:55  Probe  
  24  2:03  Adept (Chrono Boost)  
  24  2:07  Probe  
  27  2:16  Stargate  
  27  2:19  Probe  
  27  2:32  Nexus  
  27  2:34  Probe  
  28  2:41  Adept  
  30  2:52  Pylon  
  30  2:56  Probe  
  31  3:10  Oracle (Chrono Boost), Probe  
  35  3:15  Adept  
  37  3:22  Shield Battery  
  37  3:23  Probe  
  36  3:37  Oracle (Chrono Boost)  
  39  3:43  Probe  
  41  3:54  Stalker  
  39  3:58  Gateway  
  39  4:03  Gateway  
  40  4:21  Shield Battery  
Show
View Real Time Build Order
Export as new Build Order

Dolan Terran - Winner!

Build Orders: 2 Factory, Cyclone Opening 

Get SALT Encoding   

  12  0:00  SCV  
  13  0:12  SCV  
  14  0:17  Supply Depot  
  14  0:24  SCV  
  15  0:39  SCV  
  15  0:40  Barracks  
  16  0:45  Refinery  
  16  0:51  SCV  
  16  0:55  Refinery  
  17  1:03  SCV  
  18  1:15  SCV  
  19  1:27  Orbital Command, Reaper  
  19  1:32  Supply Depot  
  20  1:42  Factory  
  20  1:53  SCV  
  21  2:03  Factory  
  21  2:08  SCV  
  22  2:11  Barracks Reactor  
  22  2:20  SCV  
  23  2:31  Hellion  
  25  2:54  Cyclone  
  25  2:56  Cyclone x2  
  31  3:07  SCV, Supply Depot  
  31  3:11  Marine  
  33  3:25  SCV  
  33  3:26  Cyclone  
  36  3:28  Cyclone x2  
Tags
 
Add a new tag
Caveats
  • Supply blocks, unpowered buildings, or Contaminate may cause inaccurate times.
  • Supply counts are checked every 10 seconds.